Map: Proxima Station LE

Players

Musumeci

  • Race: Zerg Zerg
  • League: Diamond
  • Spawn Location: 7:00

Christoph - Winner!

  • Race: Zerg Zerg
  • League: Diamond
  • Spawn Location: 1:00

VOD

Have the link to the VOD?

Description

Time

  • Played on: March 15, 2017, 12:07 p.m.
  • Length: 7:18
Show
View Real Time Build Order
Export as new Build Order

Musumeci Zerg 

Build Orders: Pool First, Zergling Baneling 

Get SALT Encoding   

  12  0:06  Drone  
  13  0:08  Drone  
  13  0:14  Extractor  
  13  0:16  Drone  
  15  0:27  Overlord  
  15  0:46  Drone x2  
  17  0:50  Extractor  
  17  0:52  Spawning Pool  
  17  0:53  Drone  
  16  1:10  Evolution Chamber  
  15  1:25  Hatchery  
  15  1:30  Drone  
  15  1:37  Drone x2  
  18  1:53  Metabolic Boost  
  18  1:58  Queen  
  20  2:06  Drone x2  
  22  2:13  Overlord  
  22  2:31  Zergling x4  
  24  2:37  Baneling Nest  
  24  2:38  Queen  
  24  2:43  Zergling x2  
  26  2:46  Drone  
  27  3:03  Zergling x8  
  31  3:06  Overlord  
  31  3:28  Baneling x2  
  31  3:42  Baneling  
  31  3:43  Baneling x3  
  31  3:59  Baneling x2  
  30  4:10  Baneling x3  
  28  4:18  Baneling  
  28  4:19  Zergling x12  
  22  4:47  Baneling, Zergling x2  
  22  4:48  Zergling x6  
  25  5:15  Baneling x2  
  25  5:17  Zergling x14  
  23  5:40  Zergling x8  
  19  5:50  Drone x5  
  19  5:55  Zergling x6  
  20  6:02  Queen  
  20  6:13  Baneling  
  20  6:15  Drone  
  20  6:16  Drone  
  20  6:17  Drone  
  22  6:28  Zergling x4  
  19  6:49  Zergling x6  
  14  6:56  Drone  
  13  7:03  Baneling  
Show
View Real Time Build Order
Export as new Build Order

Christoph Zerg - Winner!

Build Orders: Hatch First, Zergling Baneling 

Get SALT Encoding   

  12  0:01  Drone  
  13  0:09  Drone  
  14  0:17  Overlord  
  14  0:23  Drone, Extractor  
  15  0:35  Drone x2  
  17  0:44  Drone  
  18  0:57  Hatchery  
  18  0:58  Drone  
  18  1:04  Extractor  
  17  1:13  Spawning Pool  
  17  1:17  Drone  
  17  1:20  Drone  
  18  1:27  Drone  
  19  1:38  Drone  
  20  1:48  Overlord  
  20  2:00  Queen, Overlord  
  22  2:10  Queen, Zergling x2  
  22  2:11  Zergling x2  
  22  2:15  Metabolic Boost  
  26  2:21  Zergling x2  
  27  2:24  Zergling x2  
  28  2:31  Zergling x2  
  28  2:33  Zergling x2  
  30  2:42  Zergling x4  
  32  2:45  Queen  
  34  2:52  Zergling x2  
  34  2:58  Baneling Nest  
  34  3:03  Zergling x4  
  36  3:09  Zergling x6  
  36  3:10  Zergling x2  
  40  3:15  Drone  
  40  3:18  Zergling x2  
  42  3:26  Zergling x4  
  42  3:27  Zergling x2  
  44  3:37  Overlord  
  44  3:46  Baneling x4  
  44  3:47  Baneling x4  
  44  3:57  Drone, Zergling x4  
  37  4:20  Baneling x3  
  37  4:21  Zergling x2  
  37  4:22  Zergling x10  
  36  4:38  Zergling x2  
  36  4:39  Zergling x10  
  40  4:50  Zergling x4  
  41  4:55  Baneling x2  
  41  4:56  Baneling x2  
  41  4:59  Zergling x6  
  42  5:14  Zergling x2  
  42  5:15  Zergling x4  
  44  5:23  Baneling  
  44  5:24  Baneling  
  38  5:37  Zergling x2  
  38  5:38  Zergling x10  
  41  5:43  Zergling x4  
  41  5:54  Lair  
  41  5:56  Zergling x4  
  40  6:11  Zergling x4  
  41  6:16  Zergling x4  
  41  6:17  Baneling x3  
  42  6:27  Evolution Chamber  
  39  6:51  Zergling x14  
  39  6:52  Zergling x10  
  46  6:59  Drone x2  
  45  7:01  Baneling  
  45  7:02  Baneling x4  
Tags
 
Add a new tag
Caveats
  • Supply blocks, unpowered buildings, or Contaminate may cause inaccurate times.
  • Supply counts are checked every 10 seconds.